 Dungeon Crawl Stone Soup version 0.26-a0-834-g69557b85cc (webtiles) character file.

Game seed: 4033831039168676400

329 robertstho the Magician (level 6, -1/33 HPs)
             Began as a Deep Elf Fire Elementalist on Nov 16, 2020.
             Slain by an orc priest
             ... wielding a +0 club
              (4 damage)
             ... on level 3 of the Dungeon.
             The game lasted 00:06:57 (4391 turns).

robertstho the Magician (DEFE)                      Turns: 4391, Time: 00:06:58

Health: -1/33      AC:  7    Str:  5      XL:     6   Next: 25%
Magic:  1/16       EV: 13    Int: 18 (20) God:
Gold:   155        SH:  0    Dex: 16 (17) Spells: 15/16 levels left

rFire    + . .     SeeInvis .   l - +0 spear (curse)
rCold    + . .     Faith    .   (no shield)
rNeg     . . .     Spirit   .   a - +0 robe
rPois    +         Reflect  .   (no helmet)
rElec    +         Harm     .   o - +1 cloak
rCorr    +         Rampage  .   p - +0 pair of gloves
MR       .....     Rnd*Rage +   (no boots)
Stlth    ++........             (no amulet)
HPRegen  0.11/turn              n - ring of flight
MPRegen  0.15/turn              (no ring)

@: resistant, very slightly contaminated
A: yellow scales 1, agile 1, berserk 1, dopey 1
a: Evoke Flight


You were on level 3 of the Dungeon.
You visited 1 branch of the dungeon, and saw 3 of its levels.
You also visited: Sewer.

You collected 155 gold pieces.

Inventory:

Hand Weapons
 g - a +0 dagger
 j - a +0 war axe
 l - a cursed +0 spear (weapon)
Missiles
 e - 35 poisoned darts (quivered)
Armour
 a - a +0 robe (worn)
 o - a +1 cloak (worn)
 p - a +0 pair of gloves (worn)
Jewellery
 n - a ring of flight (left hand)
Scrolls
 b - 2 scrolls of remove curse
 h - 4 scrolls of magic mapping
 k - 3 scrolls of blinking
 m - a scroll of enchant armour
Potions
 d - a potion of cancellation
 f - 2 potions of mutation
 q - a potion of lignification


   Skills:
 + Level 0.4 Fighting
 + Level 0.5 Polearms
 + Level 2.9 Dodging
 + Level 3.0 Stealth
 * Level 5.9 Spellcasting
 + Level 2.5 Conjurations
 * Level 5.1 Fire Magic


You had 15 spell levels left.
You knew the following spells:

 Your Spells              Type           Power        Failure   Level
a - Foxfire               Conj/Fire      ###.         2%          1

Your spell library contained the following spells:

 Spells                   Type           Power        Failure   Level
 Conjure Flame            Conj/Fire      ###.....     8%          3
 Inner Flame              Hex/Fire       ##......     13%         3
 Sticky Flame             Conj/Fire      ###.....     24%         4
 Fireball                 Conj/Fire      ###.......   56%         5


Dungeon Overview and Level Annotations

Branches:
Dungeon (3/15)              Sewer (visited)

Altars:
Fedhas


Innate Abilities, Weirdness & Mutations

You are partially covered in yellow scales. (AC +2)
You are agile. (Dex +2)
You tend to lose your temper in combat.
You are dopey. (Int -2)


Message History

Casting: Foxfire (safe; 2% risk of failure)
Confirm with . or Enter, or press ? or * to list all spells.
Nothing appears to happen.
The foxfire hits the orc priest.
The orc priest is moderately wounded.
Casting: Foxfire (safe; 2% risk of failure)
Confirm with . or Enter, or press ? or * to list all spells.
You miscast Foxfire.
You are very lightly contaminated with residual magic.
Nothing appears to happen.
The orc priest calls down the wrath of Beogh upon you.
Beogh smites you!
* * * LOW HITPOINT WARNING * * *
Okay, then.
The orc priest hits you with a +0 club.
* * * LOW HITPOINT WARNING * * *
You see here a bubbling inky potion.
It was a potion of resistance.
You feel protected. The orc priest hits you with a +0 club.
You die...

..≈≈≈≈≈≈≈≈≈≈.#
#...........#####
..≈≈≈...≈≈≈..#
##########..#
..≈≈≈♣_♣≈≈≈..#
#..#
.≈≈≈≈≈♣.≈≈≈≈.#
#..#####
≈.≈≈≈≈≈≈≈≈≈≈.#
#.......
.≈≈≈≈≈≈≈≈≈≈≈≈#
#..#..#.
≈≈≈≈≈≈≈≈≈≈≈.≈#
###########..##P≈P
.≈..≈≈.≈..≈.≈#
#.oro........≈PPP≈
.....≈.....≈.
#@####[..##P≈PPPP≈
.#.# #.#
#>#..≈≈P≈♣≈≈P
.#.## #.#
#.oP≈P♣≈≈≈P≈P
....##### #.#
≈P≈≈≈♣≈≈P≈.≈#
)........ #..
≈Pr≈≈♣PP.P.###
....####
###o≈o≈♣≈♣P....#
.#.##
#.≈≈♣♣♣PPP...#
...# ##.#


You could see an orc priest, an orc and a rat.

Vanquished Creatures
  2 bullfrogs (Sewer)
  An orc wizard (D:3)
  5 adders
  A river rat (D:3)
  An ooze (D:2)
  4 worms
  5 dart slugs
  5 leopard geckos
  An orc (D:3)
  8 bats
  10 giant cockroaches
  12 goblins
  10 hobgoblins
  9 kobolds
  4 ball pythons
  10 frilled lizards
  7 rats
95 creatures vanquished.

Vanquished Creatures (collateral kills)
  4 foxfires (D:3)
4 creatures vanquished.

Vanquished Creatures (others)
  269 foxfires
  7 plants (D:3)
  5 toadstools (D:1)
281 creatures vanquished.

Grand Total: 380 creatures vanquished

Notes
Turn   | Place    | Note
-------+----------+-------------------------------------------
     0 | D:1      | robertstho the Deep Elf Fire Elementalist began the quest
                  | for the Orb.
     0 | D:1      | Reached XP level 1. HP: 10/10 MP: 6/6
   314 | D:1      | Reached XP level 2. HP: 6/15 MP: 3/8
  1401 | D:2      | Reached XP level 3. HP: 17/19 MP: 5/10
  1850 | D:2      | Reached XP level 4. HP: 22/24 MP: 4/12
  3188 | D:3      | Found a faded altar of an unknown god.
  3370 | D:3      | Found a blossoming altar of Fedhas.
  3536 | D:3      | Reached XP level 5. HP: 28/28 MP: 11/14
  3589 | D:3      | Found a glowing drain.
  3593 | Sewer    | Entered a sewer
  3601 | Sewer    | Reached skill level 5 in Spellcasting
  3951 | Sewer    | Gained mutation: You tend to lose your temper in combat.
                  | [potion of mutation]
  3951 | Sewer    | Gained mutation: You are dopey. (Int -2) [potion of
                  | mutation]
  3951 | Sewer    | Gained mutation: You are agile. (Dex +2) [potion of
                  | mutation]
  3951 | Sewer    | Gained mutation: You are partially covered in yellow
                  | scales. (AC +2) [potion of mutation]
  3958 | Sewer    | Reached skill level 5 in Fire Magic
  3958 | Sewer    | Reached XP level 6. HP: 11/33 MP: 12/16
  4391 | D:3      | Slain by an orc priest

Illustrated notes

Levels and vault maps discovered:
D:1:      ldierk_walled_garden, layout_basic, st_stairs_6
D:2:      minmay_thinvault, layout_basic
D:3:      layout_loops_ring, gup_sewer_entry_bowl,
          chequers_ecumenical_altar_island, serial_bayou, serial_bayou_shore_b,
          serial_bayou_lagoon_a, serial_bayou_shore_b, serial_bayou_crossing,
          serial_bayou_pond_e, fedhas_ov_isle_minmay

Skill      XL: |  1  2  3  4  5 |
---------------+----------------+-----
Fire Magic     | 4 5 |  5.1
Spellcasting   | 4 5 |  5.9
Stealth        | 3 |  3.0
Conjurations   | 2 |  2.5
Fighting       | |  0.4
Polearms       | |  0.5
Dodging        | |  2.9

Action                   |  1- 3 |  4- 6 || total
-------------------------+-------+-------++-------
Melee: Unarmed           |     7 |       ||     7
       Spear             |    12 |    78 ||    90
 Cast: Foxfire           |    76 |   111 ||   187
  Use: Potion            |       |     5 ||     5
       Scroll            |       |     6 ||     6
 Stab: Sleeping          |     1 |     3 ||     4
Armor: Robe              |     6 |    27 ||    33
       Skin              |       |     7 ||     7
Dodge: Dodged            |    28 |    74 ||   102

Table legend: (Time is in decaauts)
 A = Elapsed time spent in this place.
 B = Non-inter-level travel time spent in this place.
 C = Inter-level travel time spent in this place.
 D = Time resting spent in this place.
 E = Time spent auto-exploring this place.
 F = Levels seen in this place.
 G = Mean time per level.
                   A        B        C        D        E       F      G
               +--------+--------+--------+--------+--------+-----+--------+
         Total |   4487 |   4394 |     93 |    232 |   3348 |   4 | 1121.8 |
       Dungeon |   3690 |   3597 |     93 |      0 |   2992 |   3 | 1230.0 |
         Sewer |    796 |    796 |      0 |    232 |    356 |   1 |  796.0 |
               +--------+--------+--------+--------+--------+-----+--------+

Top non-repeatable levels by time:
     D:2: 1877 daAuts
     D:1: 1268 daAuts
   Sewer: 796 daAuts
     D:3: 545 daAuts
